[Event "fics rated crazyhouse match"]
[Site "fics, Oklahoma City, OK USA"]
[Date "2000.03.16"]
[White "pminear"]
[WhiteElo "2428"]
[Black "venomous"]
[BlackElo "2481"]
[TimeControl "60+0"]
[Result "1-0"]

1. e4 e6 2. Nc3 b6 3. d4 Bb7 4. Bd3 Bb4 5. a3 Bxc3+ 6. bxc3 
Nf6 7. B@g5 h6 8. Bxf6 Qxf6 9. e5 Qe7 10. Nf3 B@h5 11. N@f4 Bhxf3 
12. gxf3 N@g5 13. B@g2 N@h4 14. Rg1 Nxg2+ 15. Rxg2 Nxf3+ 16. Kf1 P@g5 17. Nh5 
B@h3 18. Nxg7+ Kd8 19. P@f6 Bxg2+ 20. Kxg2 Nh4+ 21. Kf1 Qxf6 22. exf6 P@g2+ 
23. Ke2 Bf3+ 24. Kd2 Bxd1 25. Q@e7+ Kc8 26. B@a6+ Nxa6 27. Bxa6+ B@b7 28. Bxb7+ 
Kxb7 29. N@a5+ bxa5 30. N@c5+ Kb6 31. Nxd7+ Kb7 32. Nc5+ Kb6 33. Rb1+ B@b5 
34. Rxb5+ Kxb5 35. B@a4+ Kb6 36. Nd7+ Ka6 37. P@b5+ Kb7 38. B@a6# 
{venomous checkmated} 1-0

[Event "fics rated crazyhouse match"]
[Site "fics, Oklahoma City, OK USA"]
[Date "2000.03.16"]
[White "XXNoWay"]
[WhiteElo "2408"]
[Black "Eyefor"]
[BlackElo "2412"]
[TimeControl "180+0"]
[Result "0-1"]

1. e4 e6 2. Nc3 d6 3. Nf3 Nf6 4. d4 Nc6 5. Bd3 Be7 6. O-O 
h5 7. Bg5 Ng4 8. Bxe7 Qxe7 9. B@h4 B@f6 10. Bxf6 Nxf6 11. B@h4 B@g4 
12. h3 Bxf3 13. Qxf3 Nxd4 14. Qd1 P@h2+ 15. Kxh2 Nxc2 16. Bxc2 P@b4 17. Ne2 
Ng4+ 18. hxg4 Qxh4+ 19. B@h3 hxg4 20. P@g3 Qxh3+ 21. gxh3 Rxh3+ 22. Kg1 N@f3# 
{XXNoWay resigns} 0-1

[Event "fics rated crazyhouse match"]
[Site "fics, Oklahoma City, OK USA"]
[Date "2000.03.16"]
[White "venomous"]
[WhiteElo "2472"]
[Black "pminear"]
[BlackElo "2437"]
[TimeControl "60+0"]
[Result "0-1"]

1. b3 e5 2. Bb2 d6 3. Nf3 Nc6 4. Nc3 Nf6 5. e3 Bg4 6. Bb5 
e4 7. h3 exf3 8. hxg4 fxg2 9. Rg1 P@h2 10. Rxg2 h1=Q+ 11. B@f1 N@h4 
12. Rg3 h5 13. g5 Ng4 14. Bxc6+ bxc6 15. Rxg4 hxg4 16. Qxg4 Nf3+ 17. Ke2 
B@d7 18. P@f5 Ng1+ 19. Ke1 Rh4 20. Qg3 Nf3+ 21. Ke2 Qxg5 22. Qxg5 Nxg5 
23. N@d4 Q@f3+ 24. Ke1 Qxf1+ 25. Kxf1 P@g2+ 26. Ke1 R@f1# 
{venomous checkmated} 0-1

[Event "fics rated crazyhouse match"]
[Site "fics, Oklahoma City, OK USA"]
[Date "2000.03.16"]
[White "pminear"]
[WhiteElo "2446"]
[Black "venomous"]
[BlackElo "2463"]
[TimeControl "60+0"]
[Result "0-1"]

1. e4 e6 2. Nc3 b6 3. d4 Bb7 4. Bd3 Bb4 5. a3 Bxc3+ 6. bxc3 
Nf6 7. Bg5 h6 8. Bxf6 Qxf6 9. B@e5 Qg5 10. N@g3 d6 11. Nh3 B@d2+ 
12. Kf1 dxe5 13. Nxg5 Bxg5 14. dxe5 N@f4 15. Bb5+ B@d7 16. Bxd7+ Nxd7 17. B@b5 
B@c6 18. Bxc6 Bxc6 19. a4 Nxe5 20. P@b5 P@h3 21. Rg1 hxg2+ 22. Rxg2 B@h3 
23. B@f3 Bxg2+ 24. Bxg2 P@h3 25. Bxh3 Nxh3 26. bxc6 R@g1+ 27. Ke2 B@f3# 
{pminear checkmated} 0-1

[Event "fics rated crazyhouse match"]
[Site "fics, Oklahoma City, OK USA"]
[Date "2000.03.16"]
[White "venomous"]
[WhiteElo "2471"]
[Black "pminear"]
[BlackElo "2438"]
[TimeControl "60+0"]
[Result "1-0"]

1. e4 e5 2. Nf3 Nc6 3. Nc3 Bc5 4. Be2 Nf6 5. O-O d5 6. exd5 
Nxd5 7. Nxd5 Qxd5 8. N@h5 Rg8 9. P@h6 Bf8 10. d3 P@e7 11. hxg7 Bxg7 
12. Nxg7+ Rxg7 13. B@g3 P@f4 14. c4 Qd8 15. P@d5 fxg3 16. hxg3 Nd4 17. Nxe5 
Nxe2+ 18. Qxe2 N@d4 19. Qe4 B@e2 20. Re1 B@c2 21. Bh6 Bcxd3 22. Bxg7 
{pminear resigns} 1-0

[Event "fics rated crazyhouse match"]
[Site "fics, Oklahoma City, OK USA"]
[Date "2000.03.16"]
[White "Eyefor"]
[WhiteElo "2420"]
[Black "XXNoWay"]
[BlackElo "2400"]
[TimeControl "180+0"]
[Result "1-0"]

1. d4 e6 2. Nc3 Nf6 3. e4 d5 4. e5 Ne4 5. Nxe4 dxe4 6. N@g5 
Nc6 7. Bb5 Be7 8. Bxc6+ bxc6 9. Nxe4 B@d5 10. N@c3 Ba6 11. P@h6 Rg8 
12. hxg7 N@f5 13. Nxd5 cxd5 14. B@a4+ N@b5 15. Bxb5+ Bxb5 16. N@f6+ Bxf6 17. Nxf6+ 
Qxf6 18. exf6 N@h4 19. B@f1 Bxf1 20. Q@c6+ B@d7 21. Qxa8+ B@c8 22. R@f8+ Rxf8 
23. gxf8=Q+ Kxf8 24. Qxc8+ Bxc8 25. P@g7+ Ke8 26. B@c6# 
{XXNoWay resigns} 1-0

[Event "fics rated crazyhouse match"]
[Site "fics, Oklahoma City, OK USA"]
[Date "2000.03.16"]
[White "pminear"]
[WhiteElo "2431"]
[Black "venomous"]
[BlackElo "2478"]
[TimeControl "60+0"]
[Result "1-0"]

1. e4 e6 2. Nc3 b6 3. d4 Bb7 4. Bd3 Bb4 5. a3 Bxc3+ 6. bxc3 
Nf6 7. Nf3 Nxe4 8. Bxe4 Bxe4 9. N@h5 Rg8 10. B@d3 B@b7 11. Bxe4 Bxe4 
12. Bg5 P@f6 13. Bf4 B@b7 14. Rg1 N@b2 15. Qe2 d5 16. B@g3 Na6 17. Rb1 
Na4 18. Qb5+ Qd7 19. Qxd7+ Kxd7 20. Q@b5+ Q@c6 21. Qxc6+ Bxc6 22. Bxc7 Nxc7 
23. Q@d6+ Ke8 24. Qxc7 B@e7 25. Qxc6+ Kf8 26. N@d7+ Ke8 27. Ndxf6+ Kf8 28. Qe8+ 
Rxe8 29. Nd7# 
{venomous checkmated} 1-0

[Event "fics rated crazyhouse match"]
[Site "fics, Oklahoma City, OK USA"]
[Date "2000.03.16"]
[White "venomous"]
[WhiteElo "2469"]
[Black "pminear"]
[BlackElo "2440"]
[TimeControl "60+0"]
[Result "0-1"]

1. e4 e5 2. Nf3 Nc6 3. Nc3 Bc5 4. Bc4 Nf6 5. h3 d6 6. O-O 
Be6 7. Bxe6 fxe6 8. B@b3 B@g8 9. d3 Nd4 10. Nxd4 exd4 11. Na4 N@e5 
12. Nxc5 dxc5 13. Qh5+ Nxh5 14. B@h2 N@e2+ 15. Kh1 Qf6 16. Bxe5 Qxe5 17. N@g4 
Nhg3+ 18. fxg3 Nxg3+ 19. Kg1 Q@h1# 
{venomous resigns} 0-1

[Event "fics rated crazyhouse match"]
[Site "fics, Oklahoma City, OK USA"]
[Date "2000.03.16"]
[White "XXNoWay"]
[WhiteElo "2392"]
[Black "Eyefor"]
[BlackElo "2428"]
[TimeControl "180+0"]
[Result "1-0"]

1. e4 Nf6 2. e5 Nd5 3. Nc3 e6 4. Nf3 d6 5. d4 Nxc3 6. bxc3 
N@e4 7. Qd3 Nxf2 8. Kxf2 P@g4 9. Ng5 dxe5 10. Nxf7 Qf6+ 11. P@f3 Qxf7 
12. N@g5 Qd7 13. dxe5 P@f7 14. Qxd7+ Bxd7 15. Nxf7 Q@c5+ 16. P@d4 Qxc3 17. Q@d8+ 
Kxf7 18. N@g5+ Kg6 19. P@h5+ Kxh5 20. fxg4+ Kxg4 21. Be2+ P@f3 22. Bxf3+ Kf5 
23. g4+ Kg6 24. P@h5+ Kh6 25. Nf7# 
{Eyefor checkmated} 1-0

[Event "fics rated crazyhouse match"]
[Site "fics, Oklahoma City, OK USA"]
[Date "2000.03.16"]
[White "pminear"]
[WhiteElo "2449"]
[Black "venomous"]
[BlackElo "2460"]
[TimeControl "60+0"]
[Result "0-1"]

1. e4 e6 2. Nc3 b6 3. d4 Bb7 4. Bd3 Bb4 5. Bd2 Nf6 6. Qe2 
Bxc3 7. bxc3 N@h4 8. f3 Nc6 9. B@g5 Nxg2+ 10. Qxg2 P@e7 11. Bxf6 exf6 
12. Qxg7 Rf8 13. N@h5 Qe7 14. Nxf6+ Kd8 15. P@g2 B@h4+ 16. P@g3 Bxf6 17. Qxh7 
Rh8 18. Qxh8+ Bxh8 19. R@g8+ N@e8 20. Rxh8 d6 21. N@g7 Kd7 22. Nxe8 Rxe8 
23. Rxe8 Kxe8 24. N@g7+ Kd7 25. B@e8+ Kd8 26. R@d7+ Qxd7 27. Bxd7 R@e7 28. Bg5 
Kxd7 29. Bxe7 R@c8 30. Bb5 Kxe7 31. P@f6+ Kxf6 32. Nh5+ Ke7 33. Q@f6+ Kd7 
34. R@e7+ Kd8 35. Rxf7+ B@e7 36. Rxe7 Nxe7 37. Kf2 R@d2+ 38. B@e2 B@e1+ 39. Ke3 
N@f1+ 40. Kf4 Q@e3# 
{pminear forfeits on time} 0-1

[Event "fics rated crazyhouse match"]
[Site "fics, Oklahoma City, OK USA"]
[Date "2000.03.16"]
[White "venomous"]
[WhiteElo "2468"]
[Black "pminear"]
[BlackElo "2441"]
[TimeControl "60+0"]
[Result "1-0"]

1. e4 e5 2. Nf3 Nc6 3. Nc3 Bc5 4. d3 Nf6 5. Bg5 d6 6. Be2 
Bg4 7. O-O Bxf3 8. Bxf3 Nd4 9. Nd5 Nxf3+ 10. Qxf3 N@d4 11. Nxf6+ gxf6 
12. Qxf6 Qxf6 13. P@d7+ Kxd7 14. B@h3+ B@e6 15. Bxf6 N@c6 16. Bxe6+ fxe6 17. B@h3 
Rhg8 18. Q@f7+ P@e7 19. Bxe7 Nxe7 20. N@f6+ Kc6 21. P@d5+ Kb6 22. Nxg8 Rxg8 
23. R@g3 Ne2+ 24. Kh1 Nxg3+ 25. hxg3 Rxg3 26. N@c4+ Ka6 27. N@b8+ Kb5 28. Qe8+ 
c6 29. a4+ Kb4 30. Nxc6+ Nxc6 31. P@c3# 
{pminear checkmated} 1-0

[Event "fics rated crazyhouse match"]
[Site "fics, Oklahoma City, OK USA"]
[Date "2000.03.16"]
[White "spurs"]
[WhiteElo "2309"]
[Black "Eyefor"]
[BlackElo "2419"]
[TimeControl "60+0"]
[Result "1-0"]

1. d4 e6 2. Nf3 d5 3. Nc3 Bb4 4. Bd2 Nc6 5. e3 Bd7 6. Bb5 
Bxc3 7. Bxc3 N@e4 8. Bxc6 Bxc6 9. B@b4 Nxc3 10. Bxc3 B@c4 11. N@h5 B@f8 
12. N@e5 Qe7 13. Nxf7 Qxf7 14. Ne5 Qe7 15. P@f7+ Kd8 16. fxg8=Q Rxg8 17. Nxc6+ 
bxc6 18. B@b7 N@h4 19. Rg1 P@e2 20. Qxe2 Bxe2 21. Bxa8 Bxh5 22. R@b8+ N@c8 
23. Rxc8+ Kxc8 24. P@b7+ Kd7 25. N@e5+ Ke8 26. b8=Q+ R@d8 27. Bxc6+ N@d7 28. P@e2 
Rxb8 29. Nxd7 Rxb2 30. Nf6+ Kf7 31. Nxh5 Nxg2+ 32. Rxg2 Q@h1+ 33. B@f1 Qa3 
34. N@e5+ Ke7 35. Bd7 Qxc3+ 36. N@d2 Qxd2+ 37. Kxd2 N@e4+ 38. Kc1 Qxf1+ 39. Kxb2 
P@c3+ 40. Kb3 B@c4+ 41. Ka4 P@b5+ 42. Ka5 B@b6+ 43. Ka6 P@b7+ 44. Kxb7 Qxg2 
45. R@e8+ Kd6 46. P@c5# 
{Eyefor forfeits on time} 1-0

[Event "fics rated crazyhouse match"]
[Site "fics, Oklahoma City, OK USA"]
[Date "2000.03.16"]
[White "pminear"]
[WhiteElo "2434"]
[Black "venomous"]
[BlackElo "2475"]
[TimeControl "60+0"]
[Result "1-0"]

1. e4 e6 2. Nc3 b6 3. d4 Bb7 4. Bd3 Bb4 5. Bd2 Nc6 6. Nf3 
Nf6 7. e5 Ng4 8. O-O d6 9. exd6 Bxd6 10. Ne4 P@f5 11. Nxd6+ cxd6 
12. B@g3 O-O 13. Bb5 N@e4 14. P@a6 Nxd2 15. axb7 Nxf3+ 16. gxf3 N@h3+ 17. Kh1 
Nxd4 18. Qxd4 B@d5 19. B@g2 P@e5 20. bxa8=Q Qxa8 21. N@e7+ Kh8 22. Qd1 P@e4 
23. Nxd5 Qxd5 24. Qxd5 exd5 25. B@e3 Nxe3 26. fxe4 Nxg2 27. P@e7 Rg8 28. R@f8 
Nxf2+ 29. Rxf2 N@h6 30. Rxg8+ Nxg8 31. e8=Q Nf4 32. Qxg8# 
{venomous resigns} 1-0

[Event "fics rated crazyhouse match"]
[Site "fics, Oklahoma City, OK USA"]
[Date "2000.03.16"]
[White "Eyefor"]
[WhiteElo "2409"]
[Black "Tecumseh"]
[BlackElo "2166"]
[TimeControl "180+0"]
[Result "1-0"]

1. e4 e6 2. d4 Nc6 3. Be3 Nf6 4. Bd3 d5 5. e5 Nd7 6. Nf3 
Nb6 7. Ng5 h6 8. Nxf7 Kxf7 9. Qh5+ Ke7 10. P@f6+ Kd7 11. Qf7+ Be7 
12. Qxg7 Re8 13. fxe7 Rxe7 14. P@f7 Nb4 15. B@e8# 
{Tecumseh resigns} 1-0

[Event "fics rated crazyhouse match"]
[Site "fics, Oklahoma City, OK USA"]
[Date "2000.03.16"]
[White "venomous"]
[WhiteElo "2466"]
[Black "pminear"]
[BlackElo "2443"]
[TimeControl "60+0"]
[Result "1-0"]

1. e4 e5 2. Nf3 Nc6 3. Nc3 Bc5 4. d3 Nf6 5. Bg5 d6 6. Be2 
Bg4 7. O-O Bxf3 8. Bxf3 Nd4 9. Nd5 Rg8 10. B@h4 N@d7 11. c3 Nxf3+ 
12. Qxf3 B@g4 13. Qxg4 Nxg4 14. Bxd8 
{pminear resigns} 1-0

[Event "fics rated crazyhouse match"]
[Site "fics, Oklahoma City, OK USA"]
[Date "2000.03.16"]
[White "pminear"]
[WhiteElo "2436"]
[Black "venomous"]
[BlackElo "2473"]
[TimeControl "60+0"]
[Result "0-1"]

1. e4 e6 2. Nc3 b6 3. d4 Bb7 4. Bd3 Bb4 5. Bd2 Nf6 6. f3 
Nc6 7. Nce2 Bxd2+ 8. Qxd2 B@h6 9. B@e3 Bxe3 10. Qxe3 B@h6 11. Qf2 e5 
12. dxe5 Nxe5 13. P@e3 Nxd3+ 14. cxd3 B@a5+ 15. Nc3 Bxc3+ 16. bxc3 Bxe3 17. Qxe3 
N@c2+ 18. Kf2 Nxe3 19. Kxe3 P@b2 20. Re1 P@c2 21. B@b3 c1=Q+ 22. B@d2 Qxe1+ 
23. Bxe1 b1=Q 24. Bxf7+ Kf8 25. B@a3+ R@e7 26. Bxe7+ Qxe7 27. Bb3 B@h6+ 28. P@f4 
Qxe1# 
{pminear resigns} 0-1

[Event "fics rated crazyhouse match"]
[Site "fics, Oklahoma City, OK USA"]
[Date "2000.03.16"]
[White "venomous"]
[WhiteElo "2480"]
[Black "pminear"]
[BlackElo "2429"]
[TimeControl "60+0"]
[Result "0-1"]

1. e4 e5 2. Nf3 Nc6 3. Nc3 Bc5 4. d3 Nf6 5. Bg5 d6 6. Be2 
Be6 7. O-O Nd4 8. Nd5 Bxd5 9. exd5 Nxe2+ 10. Qxe2 B@g4 11. B@h4 Bxf3 
12. Qxf3 N@d4 13. Qh3 N@f5 14. B@g4 Nxh4 15. Bxh4 B@e7 16. c3 Nxg4 17. Bxe7 
Qxe7 18. cxd4 B@f5 19. dxc5 B@d7 20. c6 bxc6 21. N@h4 Nxf2 22. Nxf5 Nxh3+ 
23. gxh3 Bxf5 24. Rxf5 N@e2+ 25. Kf2 P@e3+ 26. Kxe3 P@f4+ 27. Kd2 Q@e3+ 28. Kd1 
Nd4 29. P@d7+ Qxd7 30. B@h5 P@c2# 
{venomous checkmated} 0-1

[Event "fics rated crazyhouse match"]
[Site "fics, Oklahoma City, OK USA"]
[Date "2000.03.16"]
[White "pminear"]
[WhiteElo "2438"]
[Black "venomous"]
[BlackElo "2471"]
[TimeControl "60+0"]
[Result "1-0"]

1. e4 e6 2. Nc3 b6 3. d4 Bb7 4. Bd3 Bb4 5. Bd2 Nf6 6. Qe2 
Nc6 7. Nf3 d5 8. e5 Ne4 9. O-O Nxd2 10. Qxd2 B@e4 11. Bxe4 dxe4 
12. Ng5 Qxd4 13. Qxd4 Nxd4 14. Nxf7 Q@g6 15. Nxh8 O-O-O 16. Nxg6 hxg6 17. B@c4 
Bxc3 18. P@a6 N@h3+ 19. Kh1 Bc6 20. N@e7+ Kd7 21. Nxc6 P@f3 22. Q@e7+ Kxc6 
23. B@b7# 
{venomous checkmated} 1-0

[Event "fics rated crazyhouse match"]
[Site "fics, Oklahoma City, OK USA"]
[Date "2000.03.16"]
[White "Eyefor"]
[WhiteElo "2412"]
[Black "XXNoWay"]
[BlackElo "2401"]
[TimeControl "180+0"]
[Result "1-0"]

1. e4 e6 2. d4 Nf6 3. e5 Nd5 4. Nf3 Nc6 5. Be2 d6 6. exd6 
cxd6 7. O-O Be7 8. c4 Nf6 9. Nc3 O-O 10. P@d5 exd5 11. Nxd5 Nxd5 
12. cxd5 Nb4 13. Qb3 a5 14. Qc4 P@h3 15. P@c7 Qe8 16. gxh3 Bxh3 17. N@g5 
Bxf1 18. Bxf1 Bxg5 19. Nxg5 R@e1 20. B@b5 Qe7 21. B@b1 Qxg5+ 22. Bxg5 N@h3+ 
23. Kh1 Nxg5 24. Bxh7+ Kxh7 25. Rxe1 P@f3 26. Q@f5+ B@g6 27. Qxg5 P@g2+ 28. Bxg2 
fxg2+ 29. Qxg2 N@f4 30. R@h4+ N@h5 31. Rxh5+ Bxh5 32. Qe4+ R@g6 33. N@g5+ Kh8 
34. Qxf4 B@f3+ 35. P@g2 Rxg5 36. Qxg5 Bxg2+ 37. Qxg2 B@f3 38. R@h6+ P@h7 39. Rxh7+ 
Kxh7 40. N@g5+ Kh8 41. Nxf3 Bxf3 42. Qxf3 R@g6 43. P@e7 Rg8 44. Qxf7 N@h4 
45. Qxg8+ Rxg8 46. N@f7+ Kh7 47. R@h5+ N@h6 48. Rxh6+ gxh6 49. N@f8+ Rxf8 50. exf8=N+ 
Kg7 51. R@h7+ Kxf8 52. Re8# 
{XXNoWay checkmated} 1-0

[Event "fics rated crazyhouse match"]
[Site "fics, Oklahoma City, OK USA"]
[Date "2000.03.16"]
[White "venomous"]
[WhiteElo "2462"]
[Black "pminear"]
[BlackElo "2447"]
[TimeControl "60+0"]
[Result "1-0"]

1. e4 e5 2. Nf3 Nc6 3. Nc3 Bc5 4. d3 Nf6 5. Bg5 d6 6. Be2 
Be6 7. O-O Rg8 8. Nd5 Bxd5 9. exd5 Nd4 10. Nxd4 Bxd4 11. c3 Bb6 
12. B@a4+ N@d7 13. N@f5 N@c5 14. d4 Nxa4 15. Qxa4 B@g6 16. N@h4 h6 17. dxe5 
hxg5 18. exf6 Qxf6 19. N@g4 Qxf5 20. Nxf5 Bxf5 21. P@e6 fxe6 22. dxe6 Bxe6 
23. P@f5 Bxf5 24. Bd3 Bxg4 25. Qxg4 N@e5 26. Qe6+ N@e7 27. B@h5+ P@f7 28. Bdg6 
fxg6 29. Bxg6+ P@f7 30. Bxf7+ Nxf7 31. P@g6 Nfe5 32. P@f7+ Kd8 33. fxg8=Q+ B@e8 
34. Qxe8+ Kxe8 35. R@g8+ N@f8 36. Rxf8# 
{pminear forfeits on time} 1-0

[Event "fics rated crazyhouse match"]
[Site "fics, Oklahoma City, OK USA"]
[Date "2000.03.16"]
[White "pminear"]
[WhiteElo "2439"]
[Black "venomous"]
[BlackElo "2470"]
[TimeControl "60+0"]
[Result "0-1"]

1. e4 e6 2. Nc3 b6 3. d4 Bb7 4. Bd3 Bb4 5. Bd2 Nf6 6. Qe2 
Nc6 7. Nf3 d5 8. exd5 Nxd5 9. Nxd5 Bxd2+ 10. Qxd2 Qxd5 11. B@e4 Qd8 
12. P@a6 Bxa6 13. Bxc6+ B@d7 14. Bxd7+ Qxd7 15. Bxa6 P@d6 16. B@b7 O-O 17. Bxa8 
Rxa8 18. R@g3 B@g6 19. B@g5 N@e4 20. Qf4 Nxg3 21. hxg3 R@e4+ 22. Qxe4 Bxe4 
23. N@h6+ Kh8 24. Bd3 Bxf3 25. gxf3 Q@a5+ 26. R@d2 Qxg5 27. Nxf7+ Qxf7 28. Rxh7+ 
Kg8 29. P@g6 N@g2+ 30. Kf1 P@e2+ 31. Kxg2 N@f4+ 32. Kh2 B@g1+ 33. Rxg1 Qh4# 
{pminear forfeits on time} 0-1

[Event "fics rated crazyhouse match"]
[Site "fics, Oklahoma City, OK USA"]
[Date "2000.03.16"]
[White "Tecumseh"]
[WhiteElo "2163"]
[Black "Eyefor"]
[BlackElo "2420"]
[TimeControl "180+0"]
[Result "1-0"]

1. e4 e6 2. d4 d6 3. Nf3 Nf6 4. Nc3 Nc6 5. Be2 d5 6. exd5 
Nxd5 7. O-O Nxc3 8. bxc3 N@d5 9. P@b2 h6 10. N@e5 Nxe5 11. Nxe5 N@f4 
12. Bxf4 Nxf4 13. Nxf7 Nxe2+ 14. Qxe2 B@a6 15. P@d3 Kxf7 16. N@e5+ Kg8 17. N@f7 
N@f4 18. Qg4 Qf6 19. Nxh8 B@h5 20. Qxh5 Nxh5 21. B@f7+ Qxf7 22. Nhxf7 Q@h7 
23. R@h8+ Qxh8 24. Nxh8 B@e8 25. Nhf7 Bxf7 26. Nxf7 N@e2+ 27. Kh1 R@f6 28. N@e5 
Nhg3+ 29. hxg3 Rxf7 30. Nxf7 Bxd3 31. N@e5 N@h8 32. Nxh8 Kh7 33. cxd3 Nxg3+ 
34. fxg3 P@f7 35. Nhxf7 Kg8 36. Q@h8# 
{Eyefor checkmated} 1-0

[Event "fics rated crazyhouse match"]
[Site "fics, Oklahoma City, OK USA"]
[Date "2000.03.16"]
[White "venomous"]
[WhiteElo "2477"]
[Black "spurs"]
[BlackElo "2319"]
[TimeControl "60+0"]
[Result "1-0"]

1. d4 e6 2. e4 d5 3. e5 Ne7 4. Nh3 Nf5 5. Be3 Be7 6. Bd3 
b6 7. O-O Ba6 8. Nc3 Bxd3 9. cxd3 O-O 10. B@b7 Nd7 11. Bxa8 Qxa8 
12. Nf4 B@h6 13. Nfxd5 exd5 14. Bxh6 Nxh6 15. B@f3 N@h4 16. Bxd5 Qxd5 17. Nxd5 
B@d8 18. Nxe7+ Bxe7 19. R@g3 B@g4 20. P@f6 Bxd1 21. Rxg7+ Kh8 22. Rxh7+ Kxh7 
23. Q@g7# 
{spurs checkmated} 1-0

[Event "fics rated crazyhouse match"]
[Site "fics, Oklahoma City, OK USA"]
[Date "2000.03.16"]
[White "Eyefor"]
[WhiteElo "2407"]
[Black "Tecumseh"]
[BlackElo "2176"]
[TimeControl "180+0"]
[Result "1-0"]

1. e4 d6 2. d4 Nf6 3. Nc3 e6 4. Nf3 Nc6 5. Bb5 Bd7 6. Ng5 
Qe7 7. Bxc6 Bxc6 8. N@a5 Rd8 9. Nxc6 bxc6 10. B@b7 B@d7 11. e5 dxe5 
12. dxe5 Nd5 13. Nxd5 exd5 14. P@e6 Bxe6 15. Bxc6+ P@d7 16. P@d6 cxd6 17. N@c7# 
{Tecumseh checkmated} 1-0

[Event "fics rated crazyhouse match"]
[Site "fics, Oklahoma City, OK USA"]
[Date "2000.03.16"]
[White "spurs"]
[WhiteElo "2314"]
[Black "venomous"]
[BlackElo "2482"]
[TimeControl "60+0"]
[Result "0-1"]

1. d4 e6 2. Nf3 Nc6 3. Nc3 Be7 4. Bg5 Bxg5 5. e4 Be7 6. Bb5 
B@a5 7. Bxc6 bxc6 8. O-O Ba6 9. Re1 B@h5 10. e5 Rb8 11. N@g3 Bg6 
12. Nce4 Rxb2 13. Rb1 Rxb1 14. Qxb1 Bxe1 15. Nxe1 P@h4 16. R@b8 R@c8 17. Rxc8 
Bxc8 18. B@f6 hxg3 19. Bxg7 gxh2+ 20. Kxh2 R@h4+ 21. Kg3 Bxe4 22. Bxh8 R@g4# 
{spurs checkmated} 0-1

[Event "fics rated crazyhouse match"]
[Site "fics, Oklahoma City, OK USA"]
[Date "2000.03.16"]
[White "venomous"]
[WhiteElo "2486"]
[Black "spurs"]
[BlackElo "2310"]
[TimeControl "60+0"]
[Result "1-0"]

1. e4 d6 2. d4 e6 3. Be3 Bd7 4. Bd3 Be7 5. Nf3 Nf6 6. Nc3 
Nc6 7. O-O e5 8. d5 Nb8 9. Qe2 Na6 10. Bxa6 bxa6 11. Qxa6 B@b4 
12. Ng5 Bxc3 13. bxc3 O-O 14. P@e6 fxe6 15. dxe6 Nxe4 16. exd7 Nxg5 17. Bxg5 
Bxg5 18. N@e6 P@f3 19. Nxd8 N@e2+ 20. Qxe2 fxe2 21. B@d5+ P@f7 22. Nxf7 N@h3+ 
23. gxh3 exf1=Q+ 24. Rxf1 Rxf7 25. Bxf7+ Kxf7 26. B@d5+ Kg6 27. Q@f7+ Kh6 28. N@g4# 
{spurs checkmated} 1-0

[Event "fics rated crazyhouse match"]
[Site "fics, Oklahoma City, OK USA"]
[Date "2000.03.16"]
[White "spurs"]
[WhiteElo "2306"]
[Black "venomous"]
[BlackElo "2490"]
[TimeControl "60+0"]
[Result "0-1"]

1. d4 e6 2. Nf3 Nc6 3. Bg5 Be7 4. Bxe7 Qxe7 5. e4 Nf6 6. Bb5 
Nxe4 7. Bxc6 dxc6 8. O-O B@h5 9. Nc3 Nxc3 10. bxc3 P@e4 11. B@h4 f6 
12. N@f4 Bxf3 13. gxf3 N@g6 14. Nxg6 hxg6 15. B@g2 Rxh4 16. fxe4 N@f4 17. P@g3 
Nxg2 18. gxh4 Nxh4 19. R@h8+ B@f8 20. N@f4 N@f3+ 21. Kh1 P@g5 22. Rxh4 Nxh4 
23. Ng2 B@f3 24. Qxf3 Nxf3 25. B@h3 R@h8 26. N@g1 Nxg1 27. Rxg1 Rxh3 28. Raf1 
B@f3 29. N@e3 Q@h8 30. N@g3 Rxh2# 
{spurs checkmated} 0-1

[Event "fics rated crazyhouse match"]
[Site "fics, Oklahoma City, OK USA"]
[Date "2000.03.16"]
[White "Tecumseh"]
[WhiteElo "2173"]
[Black "Eyefor"]
[BlackElo "2410"]
[TimeControl "180+0"]
[Result "0-1"]

1. e4 Nf6 2. e5 Nd5 3. Nc3 e6 4. Nf3 d6 5. d4 Nxc3 6. bxc3 
N@e4 7. Qd3 Nxf2 8. Kxf2 P@g4 9. Ng5 dxe5 10. dxe5 Qxd3 11. Bxd3 Q@c5+ 
12. Q@d4 P@b2 13. Bxb2 Qxd4+ 14. cxd4 Q@d2+ 15. Q@e2 Qxg5 16. Rhf1 N@f4 17. N@e4 
Qf5 18. N@f6+ gxf6 19. Nxf6+ Qxf6 20. exf6 g3+ 21. hxg3 Nxe2 22. Kxe2 Q@g4+ 
23. Q@f3 Qxf3+ 24. Rxf3 N@f5 25. Rxf5 Q@g4+ 26. Q@f3 exf5 27. Qxg4 R@e6+ 28. P@e5 
fxg4 29. N@g7+ Bxg7 30. fxg7 Rg8 31. N@f6+ Rxf6 32. exf6 N@g6 33. Bxg6 Q@a6+ 
34. B@d3 Qxf6 35. R@f8+ Rxf8 36. gxf8=Q+ Kxf8 37. R@g8+ Kxg8 38. N@h6+ Kf8 39. Q@g8+ 
Ke7 40. Ba3+ Kd7 41. Bgf5+ R@e6+ 42. Bxe6+ Qxe6+ 43. R@e5 N@c3+ 44. Kf1 R@h1+ 
45. Kf2 N@d1# 
{Tecumseh forfeits on time} 0-1

[Event "fics rated crazyhouse match"]
[Site "fics, Oklahoma City, OK USA"]
[Date "2000.03.16"]
[White "venomous"]
[WhiteElo "2494"]
[Black "spurs"]
[BlackElo "2302"]
[TimeControl "60+0"]
[Result "0-1"]

1. e4 d6 2. d4 Nc6 3. Be3 Nf6 4. Bd3 e5 5. d5 Nd4 6. Bxd4 
exd4 7. Bb5+ Bd7 8. Bxd7+ Qxd7 9. B@h3 Qd8 10. Qxd4 B@c5 11. Qd1 B@b6 
12. P@e3 Nxe4 13. Nc3 Nxc3 14. bxc3 Be7 15. N@e4 Bxe3 16. fxe3 Bxe3 17. B@f2 
Bxf2+ 18. Nxf2 P@e3 19. Ng4 P@f2+ 20. Ke2 fxg1=Q 21. Rxg1 N@f4+ 22. Kxe3 Nxh3 
23. gxh3 Bg5+ 24. P@f4 Bxf4+ 25. Kxf4 B@g5+ 26. Kf3 P@e4+ 27. Kf2 e3+ 28. Ke2 
N@f4+ 29. Kf3 P@e4+ 30. Kxe4 f5+ 31. Kxf5 B@g6# 
{venomous checkmated} 0-1

[Event "fics rated crazyhouse match"]
[Site "fics, Oklahoma City, OK USA"]
[Date "2000.03.16"]
[White "Eyefor"]
[WhiteElo "2413"]
[Black "Tecumseh"]
[BlackElo "2170"]
[TimeControl "180+0"]
[Result "1-0"]

1. e4 Nc6 2. d4 Nf6 3. Nc3 d5 4. exd5 Nxd5 5. P@b5 Ncb4 6. Nxd5 
Nxd5 7. Bc4 e6 8. N@c5 N@f4 9. Bxd5 Nxd5 10. N@e4 P@f5 11. Nc3 B@d6 
12. Nxd5 exd5 13. Qe2+ N@e4 14. N@b3 Bxc5 15. Nxc5 Bxc5 16. dxc5 N@d4 17. Qd1 
Nxb5 18. a4 N@c3 19. bxc3 Nbxc3 20. Qd4 P@f6 21. N@h5 Rg8 22. B@b4 P@e5 
23. Qxc3 Nxc3 24. Bxc3 d4 25. B@b5+ Bd7 26. Bxd7+ Qxd7 27. B@b5 B@c6 28. Bxc6 
bxc6 29. N@h6 dxc3 30. N@d6+ cxd6 31. Nxg8 B@d2+ 32. Bxd2 cxd2+ 33. Kf1 B@c4+ 
34. B@e2 Q@c1+ 35. R@d1 Qxa1 36. Nhxf6+ gxf6 37. Nxf6+ Kd8 38. Rxa1 R@c1+ 39. B@d1 
Rxa1 40. Q@a5+ B@c7 41. Qxd2 N@e4 42. Nxe4 fxe4 43. N@b7+ Kc8 44. Nxd6+ Bxd6 
45. cxd6 R@c1 46. B@a6+ N@b7 47. Baxc4 N@b1 48. Qxc1 Nc3 49. R@h8+ N@d8 50. Qxa1 
Nxe2 51. R@c7+ Qxc7 52. B@f5+ B@d7 53. dxc7 
{Tecumseh resigns} 1-0

[Event "fics rated crazyhouse match"]
[Site "fics, Oklahoma City, OK USA"]
[Date "2000.03.16"]
[White "venomous"]
[WhiteElo "2486"]
[Black "spurs"]
[BlackElo "2310"]
[TimeControl "60+0"]
[Result "1-0"]

1. e4 d5 2. exd5 Qxd5 3. Nc3 Qd8 4. Nf3 Nf6 5. Bc4 Bg4 6. Ne5 
P@d5 7. Nxg4 dxc4 8. Nxf6+ exf6 9. B@b5+ B@c6 10. Bxc6+ Nxc6 11. B@d5 Qe7+ 
12. P@e3 B@d3 13. cxd3 cxd3 14. B@b3 P@c2 15. Qf3 Ne5 16. Qe4 Ng6 17. Ba4+ 
Kd8 18. Qxd3 Nh4 19. Bxb7+ Qd6 20. N@c6+ Kd7 21. Nxa7+ Ke7 22. Qxd6+ Kxd6 
23. Q@d7+ Ke5 24. P@f4# 
{spurs checkmated} 1-0

[Event "fics rated crazyhouse match"]
[Site "fics, Oklahoma City, OK USA"]
[Date "2000.03.16"]
[White "XXNoWay"]
[WhiteElo "2393"]
[Black "Thufir"]
[BlackElo "2340"]
[TimeControl "60+0"]
[Result "1-0"]

1. e4 e6 2. Nc3 Nc6 3. Nf3 Nf6 4. Bb5 Bb4 5. d3 d5 6. e5 
Nd7 7. O-O Ncxe5 8. Nxe5 Bxc3 9. bxc3 P@c6 10. Nxd7 Bxd7 11. N@h5 cxb5 
12. Nxg7+ Ke7 13. P@g5 Bc6 14. B@f6+ Kd7 15. Bxd8 Raxd8 16. N@e5+ Kc8 17. Nxc6 
bxc6 18. B@a6+ Kd7 19. Bb7 B@e5 20. f4 Bd6 21. Q@f6 B@e7 22. Qxf7 Bc5+ 
23. d4 N@f8 24. dxc5 N@a5 25. Ba6 N@a8 26. P@f6 Ng6 27. Qxe6# 
{Thufir checkmated} 1-0